 Dungeon Crawl Stone Soup version 0.32-a0-765-gfba4d74c8c (webtiles) character file.

Game seed: 2177278409915072840

166 Nattfarinn the Ducker (level 5, 0/28 HPs)
             Began as a Deep Elf Earth Elementalist on Mar 18, 2024.
             Slain by Ijyb
             ... wielding a +0 club
              (4 damage)
             ... on level 3 of the Dungeon.
             The game lasted 00:04:28 (3167 turns).

Nattfarinn the Ducker (Deep Elf Earth Elementalist) Turns: 3167, Time: 00:04:30

Health: 0/28       AC:  6    Str:  5    XL:     5   Next: 22%
Magic:  10/13      EV: 13    Int: 22    God:
Gold:   114        SH:  0    Dex: 15    Spells: 11/12 levels left

rFire   . . .        h - +1 short sword (speed)
rCold   . . .        (no shield)
rNeg    . . .        a - +0 robe
rPois   .            k - +2 helmet
rElec   .            c - +0 cloak
rCorr   .            (no gloves)
SInv    .            (no boots)
Will    .....        (no amulet)
Stlth   ++           (no ring)
HPRegen 0.24/turn    (no ring)
MPRegen 0.13/turn

%: no passive effects
@: weak-willed
A: no striking features
a: no special abilities


You were on level 3 of the Dungeon.
You visited 1 branch of the dungeon, and saw 3 of its levels.

You collected 114 gold pieces.

Inventory:

Hand Weapons
 h - a +1 short sword of speed (weapon)
 i - a +0 heavy orcbow
Armour
 a - a +0 robe (worn)
 c - a +0 cloak (worn)
 k - a +2 helmet (worn)
 m - a +0 buckler
Wands
 n - a wand of acid (9)
Potions
 b - a potion of magic
 d - a potion of brilliance {unknown}
 e - a potion of attraction {unknown}
 g - a potion of ambrosia
 j - a potion of heal wounds {unknown}
 p - a potion of haste {unknown}


   Skills:
 * Level 5.0 Dodging
 - Level 2.4 Stealth
 + Level 4.4 Spellcasting
 - Level 1.1 Conjurations
 + Level 4.3 Earth Magic


You had 11 spell levels left.
You knew the following spells:

 Your Spells              Type           Power      Damage    Failure   Level
a - Sandblast             Erth           48%        2d12      1%          1

Your spell library contained the following spells:

 Spells                   Type           Power      Damage    Failure   Level
 Passwall                 Erth           24%        N/A       5%          3
 Stone Arrow              Conj/Erth      32%        3d9       11%         3
 Brom's Barrelling Bould  Conj/Erth      16%        2d4       34%         4
 Petrify                  Alch/Erth      14%        N/A       41%         4
 Malign Gateway           Summ/Tloc      2%         N/A       100%        7
 Summon Horrible Things   Summ           2%         N/A       100%        8


Dungeon Overview and Level Annotations

Branches:
Dungeon (3/15)

Altars:
Hepliaklqana

Shops:
D:1 (

Annotations:
D:3 Ijyb


Message History

Ijyb the Inquisitive comes into view.
She is wielding a +0 club and carrying a wand of iceblast.
Ijyb is nearby!
Ijyb is nearby!
Ijyb is nearby!
The blast of sand hits Ijyb but does no damage.
Ijyb shouts!
Ijyb zaps a wand.
The mass of ice explodes!
The iceblast engulfs you!
The blast of sand hits Ijyb but does no damage.
Ijyb zaps a wand.
The mass of ice explodes!
The iceblast engulfs you!
Ouch! That really hurt!
* * * LOW HITPOINT WARNING * * *
You are too injured to fight recklessly!
You are too injured to fight recklessly!
As you read the scroll labelled ZOSUEH YDUFEOT, it crumbles to dust.
A wave of despondency washes over your surroundings.
It was a scroll of vulnerability.
Press: ? - help, v - describe, . - travel
Here: Ijyb, wielding a +0 club, wearing a +0 scale mail and carrying a wand of iceblast (weak-willed)
The floor.
Casting: Sandblast (safe; 1% risk of failure)
Confirm with . or Enter, or press ? or * to list all spells.
Aiming: Sandblast (safe; 1% risk of failure)
Press: ? - help, Shift-Dir - straight line, f/p - Ijyb
Aim: Ijyb, wielding a +0 club, wearing a +0 scale mail and carrying a wand of iceblast (weak-willed, 81% to hit)
The blast of sand hits Ijyb but does no damage.
Ijyb barely misses you.
The air fills with toxic fumes!
As you read the scroll labelled ZEKHLO QEYL, it crumbles to dust.
It was a scroll of poison.
Ijyb hits you with a +0 club.
* * * LOW HITPOINT WARNING * * *
Casting: Sandblast (safe; 1% risk of failure)
Confirm with . or Enter, or press ? or * to list all spells.
Aiming: Sandblast (safe; 1% risk of failure)
Press: ? - help, Shift-Dir - straight line, f/p - Ijyb
Aim: Ijyb, wielding a +0 club, wearing a +0 scale mail and carrying a wand of iceblast (weak-willed, 81% to hit)
The blast of sand hits Ijyb!
Ijyb is heavily wounded.
Ijyb hits you with a +0 club.
You die...
Ijyb screams, "Time for next experiment!"

#..####♣.♣#.##.##.#.##.# #...
#............÷.........#####.>.
##.##..♣.♣#.##.##..............
#...(....).##.####.#..........
####.#####.§§.# #>...#####.##
#.# ###§.######.## #.## #.#
#§..)....#.# #... #.#
#§#######.## #### #.. #g@§# ###
##. #§§§§##§§# #§§§##. #§§# #
## #§# §# #


You could see Ijyb (weak-willed).

Vanquished Creatures
  A jelly (D:3)
  Robin (D:3)
  3 gnolls (D:2)
  An adder (D:3)
  2 dart slugs (D:2)
  A ribbon worm (D:3)
  An orc (D:3)
  An endoplasm (D:1)
  3 giant cockroaches
  14 goblins
  10 hobgoblins
  8 jackals
  3 quokkas
  10 ball pythons
  5 bats
  3 kobolds
  6 rats
73 creatures vanquished.

Notes
Turn   | Place    | Note
-------+----------+-------------------------------------------
     0 | D:1      | Nattfarinn the Deep Elf Earth Elementalist began the quest
                  | for the Orb.
     0 | D:1      | Reached XP level 1. HP: 10/10 MP: 6/6
   112 | D:1      | Found a faded altar of an unknown god.
   213 | D:1      | Found Gotesm's Weapon Shop.
   217 | D:1      | Reached XP level 2. HP: 15/15 MP: 4/8
   218 | D:1      | Reached skill level 3 in Dodging
   737 | D:1      | Reached XP level 3. HP: 19/19 MP: 8/10
  1758 | D:2      | Reached skill level 4 in Dodging
  1765 | D:2      | Reached XP level 4. HP: 24/24 MP: 8/11
  2444 | D:3      | Found a hazy altar of Hepliaklqana.
  2519 | D:3      | Identified the -1 helmet of Curiosity {Str+2 SInv}
  2519 | D:3      | Noticed Robin
  2534 | D:3      | Killed Robin
  2535 | D:3      | Reached XP level 5. HP: 13/28 MP: 5/13
  2683 | D:3      | Reached skill level 5 in Dodging
  3161 | D:3      | Noticed Ijyb
  3167 | D:3      | Slain by Ijyb

Illustrated notes

Levels and vault maps discovered:
D:1:      co_arrival_random_square_maze, layout_loops_cross, serial_shops, shop,
          dreamdust_ecumenical_altar_hidden_monk_grotto,
          dreamdust_mushroom_princess, hangedman_abyss_or_decor_lesser_grid
D:2:      layout_rooms
D:3:      wad_lake_hut, layout_loops_ring, nzn_hepliaklqana_mist_gate,
          serial_forest, infiniplex_forest_clump_small,
          infiniplex_forest_clump_tiny, infiniplex_forest_clump_medium,
          infiniplex_forest_clump_curved, infiniplex_forest_lined_2,
          infiniplex_forest_end_double, infiniplex_forest_clump_long, uniq_ijyb,
          uniq_robin

Skill      XL: |  1  2  3  4  5 |
---------------+----------------+-----
Dodging        | 3 4 5 |  5.0
Earth Magic    | 4 |  4.3
Spellcasting   | 4 |  4.4
Stealth        | |  2.4
Conjurations   | |  1.1

Action                     |  1- 3 |  4- 6 || total
---------------------------+-------+-------++-------
  Melee: Short sword       |     1 |    12 ||    13
   Cast: Sandblast         |    52 |    46 ||    98
    Use: Scroll            |       |     7 ||     7
   Stab: Distracted        |     1 |       ||     1
 Armour: Robe              |     9 |    18 ||    27
  Dodge: Dodged            |    11 |    14 ||    25

Table legend: (Time is in decaauts)
 A = Elapsed time spent in this place.
 B = Non-inter-level travel time spent in this place.
 C = Inter-level travel time spent in this place.
 D = Time resting spent in this place.
 E = Time spent auto-exploring this place.
 F = Levels seen in this place.
 G = Mean time per level.
                   A        B        C        D        E       F      G
               +--------+--------+--------+--------+--------+-----+--------+
         Total |   3254 |   3148 |    106 |    384 |   2394 |   3 | 1084.7 |
       Dungeon |   3254 |   3148 |    106 |    384 |   2394 |   3 | 1084.7 |
               +--------+--------+--------+--------+--------+-----+--------+

Top non-repeatable levels by time:
     D:3: 1124 daAuts
     D:1: 1075 daAuts
     D:2: 1054 daAuts
